 Dungeon Crawl Stone Soup version 0.29-a0-824-gd827844252 (webtiles) character file.

Game seed: 1563076673910559659

1790 RBrandon the Chiller (level 8, -1/61 HPs)
             Began as a Demonspawn Hunter on July 10, 2022.
             Was a Believer of Ashenzari.
             Slain by a sky beast (5 damage)
             ... on level 7 of the Dungeon.
             The game lasted 00:13:19 (6465 turns).

RBrandon the Chiller (Demonspawn Hunter)            Turns: 6465, Time: 00:13:20

Health: -1/61      AC:  7    Str: 22    XL:     8   Next: 82%
Magic:  1/12       EV: 12    Int: 12    God:    Ashenzari [**....]
Gold:   262        SH:  0    Dex: 18    Spells: 5/13 levels left

rFire   . . .      SeeInvis +   p - +7 morningstar "Tethered Together" {vorpal, rC++ Str+5, Fort, Elem} (curse)
rCold   + + .      Faith    .   (no shield)
rNeg    . . .      Spirit   .   t - +0 ring mail of the Restrained Sky {Alch, Range} (curse)
rPois   .          Reflect  .   f - +0 helmet "Sybil of Ashenzari" {Comp, Self} (curse)
rElec   .          Harm     .   r - +0 cloak
rCorr   .          Rampage  .   (no gloves)
Will    .....                   (no boots)
Stlth   ++........              (no amulet)
HPRegen 0.20/turn               w - ring of the Prophetic Cosmos {Str+6, Comp, Elem} (curse)
MPRegen 0.26/turn               (no ring)

@: freezing walls
A: claws 2, magic regeneration, sturdy frame 1
a: Renounce Religion, Shatter the Chains


You were on level 7 of the Dungeon.
You worshipped Ashenzari.
Ashenzari was pleased with you.
You visited 1 branch of the dungeon, and saw 7 of its levels.

You collected 262 gold pieces.

Inventory:

Hand Weapons
 a - a +0 shortbow
 j - a +1 short sword of draining
   (You took it off a kobold on level 2 of the Dungeon)
 p - the cursed +7 morningstar "Tethered Together" (weapon) {vorpal, rC++ Str+5, Fort, Elem}
   (You found it on level 3 of the Dungeon)

   It inflicts extra damage upon your enemies.
   Str:       It affects your strength (+5).
   rC:        It greatly protects you from cold.
   It has a curse which improves the following skills: Fortitude: Armour and
   Shields.
   Elements:  Fire Magic, Ice Magic, Air Magic and Earth Magic.
Armour
 b - a +0 chain mail
 f - the cursed +0 helmet "Sybil of Ashenzari" (worn) {Comp, Self}
   (You found it on level 1 of the Dungeon)

   It has a curse which improves the following skills: Companions: Summonings
   and Necromancy.
   Introspection: Fighting and Spellcasting.
 r - a +0 cloak (worn)
 t - the cursed +0 ring mail of the Restrained Sky (worn) {Alch, Range}
   (You found it on level 4 of the Dungeon)

   It has a curse which improves the following skills: Alchemy: Poison Magic and
   Transmutations.
   Ranged Combat: Ranged Weapons and Throwing.
Jewellery
 w - the cursed ring of the Prophetic Cosmos (left claw) {Str+6, Comp, Elem}
   (You found it on level 4 of the Dungeon)

   [ring of strength]

   Str:       It affects your strength (+6).
   It has a curse which improves the following skills: Companions: Summonings
   and Necromancy.
   Elements:  Fire Magic, Ice Magic, Air Magic and Earth Magic.
Scrolls
 c - 4 scrolls of teleportation
 g - 3 scrolls of vulnerability
 h - 3 scrolls of poison
 l - a scroll of fog
 m - 2 scrolls of fear
 n - a scroll of magic mapping
 s - a scroll of blinking
 u - a scroll of summoning
 y - a scroll of brand weapon
 z - a scroll of amnesia
Potions
 e - a potion of cancellation
 i - 5 potions of haste
 k - a potion of resistance
 o - a potion of ambrosia
 v - a potion of brilliance
 x - a potion of berserk rage


   Skills:
 + Level 3.3(4.4) Fighting
 - Level 4.3(5.5) Ranged Weapons
 + Level 1.4(2.3) Armour
 + Level 2.5 Dodging
 - Level 1.0 Stealth
 - Level 2.0(3.0) Spellcasting
 - Level 6.1 Conjurations
 - Level 7.0(9.0) Ice Magic


You had 5 spell levels left.
You knew the following spells:

 Your Spells              Type           Power      Damage    Failure   Level
a - Freeze                Ice            92%        1d10      1%          1
b - Frozen Ramparts       Ice            46%        1d6       2%          3
c - Hailstorm             Conj/Ice       19%        3d6       14%         4

Your spell library contained the following spells:

 Spells                   Type           Power      Damage    Failure   Level
 Scorch                   Fire           4%         2d5       41%         2
 Flame Wave               Conj/Fire      9%         2d5       63%         4
 Conjure Ball Lightning   Conj/Air       4%         3x3d6     100%        6
 Summon Cactus Giant      Summ           1%         N/A       100%        6
 Discord                  Hex            0%         N/A       100%        8
 Disjunction              Tloc           0%         N/A       100%        8


Dungeon Overview and Level Annotations

Branches:
Dungeon (7/15)             Temple (0/1) D:5

Altars:
Ashenzari
Dithmenos
Okawaru
Ru
Yredelemnul

Shops:
D:3 :

Annotations:
D:6 Maggie


Innate Abilities, Weirdness & Mutations

You have very sharp fingernails.
You regenerate magic rapidly.
Your movements are slightly less encumbered by armour. (ER -2)


Message History

The sky beast hits you.
* * * LOW HITPOINT WARNING * * *
The sky beast shocks you.
* * * LOW HITPOINT WARNING * * *
Your base Fighting skill increases to level 3!
Your Armour skill increases to level 1!
Your Dodging skill increases to level 2!
The sky beast attacks as you move away!
The sky beast hits you but does no damage.
Casting: Hailstorm (dangerous; 14% risk of failure)
Confirm with . or Enter, or press ? or * to list all spells.
Casting: Frozen Ramparts (dangerous; 2% risk of failure)
Press: ? - help, Dir - look around, f - activate The walls around you are covered in ice.
The wall freezes the sky beast.
The sky beast hits you but does no damage.
The wall freezes the sky beast.
The sky beast flickers out of sight for a moment.
The wall freezes the sky beast.
The sky beast hits you.
* * * LOW HITPOINT WARNING * * *
The sky beast shocks you.
* * * LOW HITPOINT WARNING * * *
You closely miss the sky beast.
The sky beast is severely wounded.
The wall freezes the sky beast.
The sky beast hits you but does no damage.
The wall freezes the sky beast. x2; The sky beast hits you.
* * * LOW HITPOINT WARNING * * *
The sky beast shocks you.
* * * LOW HITPOINT WARNING * * *
The wall freezes the sky beast.
You kill the sky beast!
The wall freezes the sky beast. x2; The sky beast hits you.
* * * LOW HITPOINT WARNING * * *
The sky beast shocks you.
* * * LOW HITPOINT WARNING * * *
You feel better.
The wall freezes the sky beast.
The sky beast hits you.
* * * LOW HITPOINT WARNING * * *
The sky beast shocks you.
You die...

.§#§§≈..≈≈≈...#
*, , #
..§#≈≈≈≈≈§#...# ,
#.#...#≈≈≈§#§..#*
, #.##..........#
, *.......{....#
, * #..####...##
### , *,
#..####..## ##.#
* ##..##[..# #.##
...* #..@Y....#
##.# ..#
*#..#Y...## #.##
..# * #..#####..#
##.# ..# *#...*
#..###.## ..## ,
#... * ##..#..#
...### ....#
#.....### .....##
....*
####......##
....... ... *
#..........#
.)..... , ,
,,...........#


You could see 2 sky beasts.

Vanquished Creatures
  2 steam dragons (D:7)
  A water moccasin (D:6)
  A black bear (D:6)
  A sky beast (D:7)
  An ogre (D:5)
  A kobold brigand (D:6)
  3 bullfrogs
  A necrophage (D:7)
  A scorpion (D:5)
  A howler monkey (D:5)
  2 hounds
  4 orc priests
  A gnoll bouda (D:5)
  6 orc wizards
  4 iguanas
  6 gnolls
  14 adders
  2 white imps
  2 worms (D:3)
  2 dart slugs (D:2)
  12 orcs
  2 bats
  8 endoplasms
  A giant cockroach (D:1)
  7 hobgoblins
  3 jackals (D:1)
  5 kobolds
  4 quokkas
  8 ball pythons
  4 frilled lizards
  4 goblins
  4 rats
118 creatures vanquished.

Notes
Turn   | Place    | Note
-------+----------+-------------------------------------------
     0 | D:1      | RBrandon the Demonspawn Hunter began the quest for the Orb.
     0 | D:1      | Reached XP level 1. HP: 16/16 MP: 1/1
    18 | D:1      | Found a faded altar of an unknown god.
    25 | D:1      | Reached skill level 1 in Stealth
   347 | D:1      | Gained mutation: You regenerate magic rapidly. [demonic
                  | ancestry]
   347 | D:1      | Reached XP level 2. HP: 22/22 MP: 2/2
  1036 | D:2      | Reached XP level 3. HP: 28/28 MP: 3/3
  1214 | D:2      | Learned a level 1 spell: Freeze
  1214 | D:2      | Found an iron altar of Okawaru.
  1547 | D:3      | Reached skill level 1 in Ice Magic
  1606 | D:3      | You fall into a shaft and drop 3 floors!
  1620 | D:6      | Found a broken altar of Ashenzari.
  1637 | D:6      | Noticed a kobold brigand
  1692 | D:5      | Entered Level 5 of the Dungeon
  1727 | D:6      | Became a worshipper of Ashenzari the Shackled
  1780 | D:5      | Reached skill level 2 in Ice Magic
  1780 | D:5      | Reached XP level 4. HP: 6/34 MP: 0/4
  2104 | D:5      | Reached skill level 3 in Ice Magic
  2104 | D:5      | Gained mutation: You have sharp fingernails. [demonic
                  | ancestry]
  2104 | D:5      | Reached XP level 5. HP: 36/39 MP: 5/5
  2246 | D:4      | Learned a level 3 spell: Frozen Ramparts
  2394 | D:3      | Identified the +7 morningstar of the Crawling Thing
                  | {vorpal, rC++ Str+5}
  2596 | D:3      | Reached skill level 1 in Spellcasting
  3042 | D:3      | Found Wamirur's Book Boutique.
  3219 | D:4      | Reached XP level 6. HP: 46/46 MP: 8/8
  3712 | D:4      | Reached skill level 4 in Ice Magic
  3713 | D:4      | Reached * piety under Ashenzari
  4111 | D:5      | Found a staircase to the Ecumenical Temple.
  4354 | D:5      | Reached skill level 5 in Ice Magic
  4354 | D:5      | Gained mutation: You have very sharp fingernails. [demonic
                  | ancestry]
  4354 | D:5      | Reached XP level 7. HP: 32/51 MP: 6/10
  4770 | D:5      | Learned a level 4 spell: Hailstorm
  4770 | D:5      | Reached ** piety under Ashenzari
  4783 | D:5      | Reached skill level 6 in Ice Magic
  4942 | D:5      | Found a shadowy altar of Dithmenos.
  5169 | D:6      | Found a sacrificial altar of Ru.
  5214 | D:6      | Noticed Maggie
  5276 | D:6      | Reached skill level 7 in Ice Magic
  5446 | D:6      | Reached skill level 1 in Conjurations
  5471 | D:6      | Gained mutation: Your movements are slightly less
                  | encumbered by armour. (ER -2) [demonic ancestry]
  5471 | D:6      | Reached XP level 8. HP: 36/60 MP: 8/12
  5804 | D:6      | Found a basalt altar of Yredelemnul.
  6099 | D:7      | Reached skill level 5 in Conjurations
  6461 | D:7      | Reached skill level 1 in Armour
  6464 | D:7      | HP: 2/60 [sky beast (5)]
  6465 | D:7      | Slain by a sky beast

Illustrated notes

Levels and vault maps discovered:
D:1:      doesnt_arrival_eight_statues, layout_basic,
          dreamdust_ecumenical_altar_grove
D:2:      layout_rooms, basic_altar
D:3:      layout_basic, mainiacjoe_overflow_concentric_impassable, serial_shops,
          nicolae_shop_waterfront, amcnicky_mini_rare_corridor_liquid
D:4:      layout_loops_ring, dreamdust_princess_bridge, grunt_decor_clamped
D:5:      layout_layer_cave, mainiacjoe_overflow_alcove_2,
          minmay_temple_entry_proselytizer
D:6:      layout_basic, lemuel_coloured_pillars_altar, hangedman_ru_absence,
          mainiacjoe_overflow_tiny_flanked, uniq_maggie
D:7:      layout_layer_cave, nicolae_concentric_dashed_squares_mild,
          hangedman_misty_isle

Skill      XL: |  1  2  3  4  5  6  7  8 |
---------------+-------------------------+-----
Stealth        | 1 |  1.0
Ranged Weapons | 4 |  4.3
Ice Magic      | 2 3 5 7 |  7.0
Spellcasting   | 1 2 |  2.0
Conjurations   | 2 6 |  6.1
Fighting       | 3 |  3.3
Armour         | 1 |  1.4
Dodging        | 2 |  2.5

Action                   |  1- 3 |  4- 6 |  7- 9 || total
-------------------------+-------+-------+-------++-------
Melee: Short sword       |       |    23 |       ||    23
       Morningstar       |       |    45 |    70 ||   115
       Punch             |       |     1 |       ||     1
 Fire: Shortbow          |   104 |    19 |       ||   123
 Cast: Freeze            |     2 |     8 |     1 ||    11
       Frozen Ramparts   |       |     2 |    10 ||    12
       Hailstorm         |       |       |     8 ||     8
Invok: Curse Item        |       |     2 |     2 ||     4
  Use: Scroll            |       |     1 |       ||     1
       Potion            |       |     2 |     1 ||     3
 Stab: Sleeping          |       |     3 |     1 ||     4
Armor: Leather armour    |     7 |    18 |       ||    25
       Ring mail         |       |     9 |    40 ||    49
Dodge: Dodged            |    18 |    56 |    48 ||   122

Table legend: (Time is in decaauts)
 A = Elapsed time spent in this place.
 B = Non-inter-level travel time spent in this place.
 C = Inter-level travel time spent in this place.
 D = Time resting spent in this place.
 E = Time spent auto-exploring this place.
 F = Levels seen in this place.
 G = Mean time per level.
                   A        B        C        D        E       F      G
               +--------+--------+--------+--------+--------+-----+--------+
         Total |   6573 |   6370 |    203 |    869 |   4380 |   7 |  939.0 |
       Dungeon |   6573 |   6370 |    203 |    869 |   4380 |   7 |  939.0 |
               +--------+--------+--------+--------+--------+-----+--------+

Top non-repeatable levels by time:
     D:5: 1555 daAuts
     D:3: 1133 daAuts
     D:6: 990 daAuts
     D:4: 967 daAuts
     D:1: 813 daAuts
     D:2: 601 daAuts
     D:7: 510 daAuts

Table legend:
 A = Kills in this place as a percentage of kills in entire the game.
 B = Kills by you in this place as a percentage of kills by you in the entire game.
 C = Kills by friends in this place as a percentage of kills by friends in the entire game.
 D = Other kills in this place as a percentage of other kills in the entire game.
 E = Experience gained in this place as a percentage of experience gained in the entire game.
 F = Experience gained in this place divided by the number of levels of this place that you have seen.
                   A       B       C       D       E      F
               +-------+-------+-------+-------+-------+----------------------
         Total | 100.0 | 100.0 |   N/A |   N/A | 100.0 | 365.4
       Dungeon | 100.0 | 100.0 |   N/A |   N/A | 100.0 | 365.4
               +-------+-------+-------+-------+-------+----------------------
